 Dungeon Crawl Stone Soup version 0.30.1-3-gfc49f6343a (webtiles) character file.

Game seed: 11961604752307706746

75 Peloso the Covered (level 4, 0/40 HPs)
             Began as a Minotaur Fighter on July 27, 2023.
             Frozen to death by an endoplasm (5 damage)
             ... on level 2 of the Dungeon.
             The game lasted 00:02:14 (885 turns).

Peloso the Covered (Minotaur Fighter)                Turns: 885, Time: 00:02:15

Health: 0/40       AC:  7    Str: 20    XL:     4   Next: 11%
Magic:  3/3        EV:  9    Int:  5    God:
Gold:   80         SH:  5    Dex: 12    Spells: 3/3 levels left

rFire   . . .        a - +0 long sword
rCold   . . .        c - +0 buckler
rNeg    . . .        b - +0 scale mail
rPois   .            (helmet restricted)
rElec   .            (no cloak)
rCorr   .            (no gloves)
SInv    .            (no boots)
Will    .....        (no amulet) Stlth
                     (no ring)
HPRegen 0.26/turn    (no ring)
MPRegen 0.08/turn

%: no passive effects
@: no status effects
A: horns 2, retaliatory headbutt
a: no special abilities


You were on level 2 of the Dungeon.
You visited 1 branch of the dungeon, and saw 2 of its levels.

You collected 80 gold pieces.

Inventory:

Hand Weapons
 a - a +0 long sword (weapon)
Armour
 b - a +0 scale mail (worn)
 c - a +0 buckler (worn)
Scrolls
 g - a scroll of amnesia {unknown}
Potions
 d - a potion of might
 i - a potion of haste


   Skills:
 + Level 4.0 Fighting
 + Level 3.6 Long Blades
 + Level 4.2 Armour
 + Level 1.0 Dodging
 + Level 0.4 Stealth
 + Level 4.1 Shields


You had 3 spell levels left.
You didn't know any spells.
Your spell library was empty.

Dungeon Overview and Level Annotations

Branches:
Dungeon (2/15)

Altars:


Innate Abilities, Weirdness & Mutations

You have a pair of horns on your head.
You reflexively headbutt those who attack you in melee.


Message History

You closely miss the adder.
The adder is lightly wounded.
The adder bites you.
You are poisoned.
The adder poisons you! The hobgoblin hits you. The adder bites you.
You barely miss the adder. Your headbutt misses the adder.
The adder is lightly wounded.
You feel sick. You block the adder's attack. The hobgoblin closely misses you.
The adder bites you but does no damage.
You slash the adder!
The adder is almost dead.
You feel sick. The hobgoblin hits you. The adder bites you.
The hobgoblin hits you but does no damage.
You closely miss the adder.
The adder is almost dead.
You feel sick. The adder bites you but does no damage. The hobgoblin hits you.
* * * LOW HITPOINT WARNING * * *
The adder bites you but does no damage.
Unknown command.
You closely miss the adder. Your headbutt misses the adder.
The adder is almost dead.
You feel sick.
You are no longer poisoned.
The adder barely misses you. You furiously retaliate!
You headbutt the adder.
You kill the adder!
You block the hobgoblin's attack. The endoplasm freezes you.
You are frozen.
* * * LOW HITPOINT WARNING * * *
Your Dodging skill increases to level 1!
You have reached level 4!
You feel agile.
You hit the hobgoblin but do no damage. Your headbutt misses the hobgoblin.
The hobgoblin barely misses you. The endoplasm closely misses you.
Unknown command.
You hit the hobgoblin.
You kill the hobgoblin!
The endoplasm freezes you.
You are frozen.
You die...

#.....# #....##
#....<# #....## #
#....# .#
#....########.#
#.............#
#.###....>....#
... #...†@....#
####......J....##
#...........#
#..............
#...............
#................
....######.#......
.... #.#......


You could see an endoplasm.

Vanquished Creatures
  Jessica (D:2)
  2 adders (D:2)
  2 dart slugs (D:1)
  5 endoplasms (D:1)
  A giant cockroach (D:1)
  A hobgoblin (D:2)
  2 jackals (D:1)
  3 quokkas (D:1)
  2 ball pythons (D:1)
  A bat (D:1)
  2 frilled lizards (D:1)
  3 goblins (D:1)
  2 kobolds (D:1)
  2 rats
29 creatures vanquished.

Notes
Turn   | Place    | Note
-------+----------+-------------------------------------------
     0 | D:1      | Peloso the Minotaur Fighter began the quest for the Orb.
     0 | D:1      | Reached XP level 1. HP: 19/19 MP: 0/0
   243 | D:1      | Reached XP level 2. HP: 27/27 MP: 1/1
   802 | D:1      | Reached XP level 3. HP: 31/33 MP: 2/2
   854 | D:2      | Noticed Jessica
   862 | D:2      | Killed Jessica
   884 | D:2      | Reached skill level 1 in Dodging
   884 | D:2      | Reached XP level 4. HP: 5/40 MP: 3/3
   885 | D:2      | Frozen to death by an endoplasm

Illustrated notes

Levels and vault maps discovered:
D:1:      minmay_arrival_arboretum_small, layout_loops_ring,
          nicolae_hexahallways
D:2:      wander_river, layout_basic, basic_ecumenical_altar,
          minmay_misc_feat_hallway, chequers_serial_rivers_large_a,
          uniq_natasha, uniq_robin, uniq_jessica

Skill      XL: |  1  2  3 |
---------------+----------+-----
Long Blades    | 3 |  3.6
Shields        | 4 |  4.1
Armour         | 4 |  4.2
Fighting       | 4 |  4.0
Dodging        | 1 |  1.0
Stealth        | |  0.4

Action                     |  1- 3 |  4- 6 || total
---------------------------+-------+-------++-------
  Melee: Long sword        |    93 |     2 ||    95
         Headbutt          |    14 |       ||    14
    Use: Scroll            |     2 |       ||     2
         Potion            |     2 |       ||     2
   Stab: Invisible         |     2 |       ||     2
 Armour: Scale mail        |    43 |       ||    43
  Dodge: Dodged            |    42 |     2 ||    44
  Block: Buckler           |    21 |       ||    21
